 Dungeon Crawl Stone Soup version 0.30-b1-6-gad0e9d6a2d (webtiles) character file.

Game seed: 14182953307090335122

101 H0rd4k the Charlatan (level 5, 0/38 HPs)
             Began as a Human Artificer on May 5, 2023.
             Slain by an orc
             ... wielding a +0 flail
              (6 damage)
             ... on level 3 of the Dungeon.
             The game lasted 00:02:08 (1585 turns).

H0rd4k the Charlatan (Human Artificer)              Turns: 1585, Time: 00:02:08

Health: 0/38       AC:  3    Str: 13    XL:     5   Next: 4%
Magic:  5/5        EV: 12    Int: 13    God:
Gold:   184        SH:  0    Dex: 13    Spells: 4/4 levels left

rFire   . . .        q - +0 mace
rCold   . . .        (no shield)
rNeg    . . .        b - +0 leather armour
rPois   .            (no helmet)
rElec   .            (no cloak)
rCorr   .            (no gloves)
SInv    .            (no boots)
Will    .....        (no amulet)
Stlth   +            (no ring)
HPRegen 0.26/turn    (no ring)
MPRegen 0.09/turn

%: no passive effects
@: no status effects
A: no striking features
a: no special abilities


You were on level 3 of the Dungeon.
You visited 1 branch of the dungeon, and saw 3 of its levels.

You collected 184 gold pieces.

Inventory:

Hand Weapons
 q - a +0 mace (weapon)
Armour
 b - a +0 leather armour (worn)
Magical Staves
 u - a staff of earth
Wands
 c - a wand of flame (5) (quivered)
 d - a wand of charming (14)
 e - a wand of iceblast (4)
 r - a wand of quicksilver (11)
Scrolls
 a - a scroll of poison {unknown}
 f - a scroll of silence {unknown}
 h - 4 scrolls of identify {unknown}
 i - a scroll of noise {unknown}
 j - 3 scrolls of teleportation {unknown}
 l - a scroll of summoning {unknown}
 o - a scroll of magic mapping {unknown}
 p - 3 scrolls of fear {unknown}
 s - a scroll of enchant weapon {unknown}
Potions
 g - a potion of flight {unknown}
 k - a potion of ambrosia {unknown}
 m - a potion of might {unknown}
 n - a potion of mutation {unknown}
 t - a potion of heal wounds {unknown}
 v - a potion of haste {unknown}


   Skills:
 + Level 1.8 Fighting
 - Level 1.4 Maces & Flails
 - Level 2.0 Armour
 + Level 2.7 Dodging
 + Level 1.1 Stealth
 + Level 3.8 Evocations


You had 4 spell levels left.
You didn't know any spells.
Your spell library contained the following spells:

 Spells                   Type           Power      Damage    Failure   Level
 Dazzling Flash           Conj/Hex       0%         N/A       75%         3
 Agony                    Necr           0%         N/A       100%        5
 Silence                  Hex/Air        0%         N/A       100%        5


Dungeon Overview and Level Annotations

Branches:
Dungeon (3/15)

Altars:


Message History

You barely miss the orc. The orc hits you with a +0 short sword.
The orc closely misses you.
You closely miss the orc. The orc hits you but does no damage.
The orc hits you with a +0 hand axe. The orc closely misses you.
You hit the orc.
The orc is almost dead.
The orc hits you with a +0 short sword. The orc closely misses you.
The orc hits you with a +0 flail. The orc closely misses you. x2
The orc hits you but does no damage.
You sock the orc!
You kill the orc!
The orc hits you with a +0 flail. The orc hits you with a +0 short sword.
You are too injured to fight recklessly!
You are too injured to fight recklessly!
You hit the orc.
The orc is lightly wounded.
The orc hits you with a +0 flail. The orc barely misses you.
You hit the orc.
The orc is severely wounded.
The orc hits you with a +0 flail! The orc hits you but does no damage.
The orc attacks as you move away! The orc closely misses you.
You hit the orc.
The orc is almost dead.
The orc closely misses you. The orc hits you with a +0 short sword.
* * * LOW HITPOINT WARNING * * *
The orc closely misses you. The orc hits you but does no damage.
You hit the orc but do no damage.
The orc is almost dead.
The orc closely misses you. x2
The orc attacks as you move away! The orc hits you with a +0 flail.
* * * LOW HITPOINT WARNING * * *
You barely miss the orc.
The orc is almost dead.
The orc barely misses you.
You barely miss the orc.
The orc is severely wounded.
The orc barely misses you. The orc hits you with a +0 flail.
* * * LOW HITPOINT WARNING * * *
The orc hits you with a +0 flail.
You die...

...# ...# ...# ...#
#################
...#####................
........................
........>.######.....###
....#.....# #.....#
....#.....# #@....#
...#############oo...#
.### .)..........# ..
.........#### ..
......)........ #.
...............
..#............
#.......#...... .
##......#######


You could see 2 orcs.

Vanquished Creatures
  Terence (D:2)
  An adder (D:2)
  An ufetubus (D:2)
  2 worms
  4 dart slugs
  An orc (D:3)
  3 ball pythons (D:1)
  4 endoplasms
  2 giant cockroaches
  4 goblins
  2 hobgoblins (D:1)
  4 quokkas
  6 bats
  3 frilled lizards
  2 kobolds (D:1)
  4 rats
44 creatures vanquished.

Vanquished Creatures (collateral kills)
  An orc (D:3)
  An endoplasm (D:3)
2 creatures vanquished.

Grand Total: 46 creatures vanquished

Notes
Turn   | Place    | Note
-------+----------+-------------------------------------------
     0 | D:1      | H0rd4k the Human Artificer began the quest for the Orb.
     0 | D:1      | Reached XP level 1. HP: 15/15 MP: 1/1
   126 | D:1      | Reached XP level 2. HP: 19/21 MP: 2/2
   424 | D:1      | Reached XP level 3. HP: 24/26 MP: 3/3
   964 | D:2      | Reached skill level 1 in Maces & Flails
  1092 | D:2      | Noticed Terence
  1095 | D:2      | Killed Terence
  1096 | D:2      | Reached XP level 4. HP: 32/32 MP: 4/4
  1288 | D:3      | Found a faded altar of an unknown god.
  1465 | D:3      | Reached XP level 5. HP: 26/38 MP: 5/5
  1585 | D:3      | Slain by an orc

Illustrated notes

Levels and vault maps discovered:
D:1:      dpeg_arrival_tiny_h, layout_rooms
D:2:      layout_basic, uniq_terence
D:3:      layout_basic, overflow_temple_1_default,
          shapermc_ecumenical_altar_pompeii

Skill      XL: |  1  2  3 |
---------------+----------+-----
Dodging        | 2 |  2.7
Maces & Flails | 1 |  1.4
Fighting       | |  1.8
Armour         | |  2.0
Stealth        | |  1.1
Evocations     | |  3.8

Action                     |  1- 3 |  4- 6 || total
---------------------------+-------+-------++-------
  Melee: Club              |   154 |       ||   154
         Punch             |     1 |     2 ||     3
         Mace              |       |    55 ||    55
  Evoke: Wand              |     7 |     5 ||    12
 Armour: Leather armour    |    67 |    30 ||    97
  Dodge: Dodged            |   122 |    60 ||   182
